Cogmind - Beta 15 @@@ ROGUE MODE // 2025.06.19 @ 20:03:02 Player: LightKnight Result: Destroyed by P-60 Hacker with Shock Rifle Performance ------------- Evolutions (0) 0 Regions Visited (3) 600 Robots Destroyed (30) 150 Value Destroyed (1000) 1000 Prototype IDs (11) 220 Alien Tech Used (0) 0 Bonus (0) 0 TOTAL SCORE: 1970 Bonus ------- None Cogmind --------- Core Integrity 0/250 Matter 227/300 Energy 144/200 System Corruption 2% Temperature Cool (3) Movement Core (950) Ox18 Location -9/Recycling Parts ------- > --- POWER (1) -------- Subdweller Power Source > --- PROPULSION (2) --- (None) > --- UTILITY (2) ------ High-capacity Storage Unit Subdweller Optics > --- WEAPON (2) ------- Subdweller Beam Cannon > --- INVENTORY (20) --- Flightbrick Seismic Detector Scrap Shield Subdweller Beam Cannon Peak State ------------ > --- POWER ------------ Subdweller Power Source > --- PROPULSION ------- Light Treads Light Treads > --- UTILITY ---------- High-capacity Storage Unit > --- WEAPON ----------- Subdweller Beam Cannon Subdweller Shrapnel Launcher > --- INVENTORY -------- Aluminum Leg Flightbrick Subdweller Optics Seismic Detector Scrap Shield Subdweller Beam Cannon Battle Rifle [Rating: 13] Favorites ----------- Power Subdweller Power Source Engine Subdweller Power Source Propulsion Light Treads Treads Light Treads Leg Aluminum Leg Utility Scrap Shield Device Subdweller Optics Storage High-capacity Storage Unit Protection Scrap Shield Weapon Battle Rifle Energy Gun EM Pulse Gun Energy Cannon Subdweller Beam Cannon Ballistic Gun Battle Rifle Ballistic Cannon Battle Cannon Launcher Subdweller Shrapnel Launcher Slashing Weapon Makeshift Axe Build | -11 -10 -10 -9 ------- Run | Yrd Mat Sub Rec Slots Evolved . | . . . . Power . | . . . . Propulsion . | . . . . Utility . | . . . . Weapon . | . . . . Parts Attached 22 | . 3 17 2 Power 1 | . . 1 . Engine 1 | . . 1 . Core . | . . . . Reactor . | . . . . Propulsion 5 | . . 4 1 Treads 4 | . . 4 . Leg 1 | . . . 1 Wheel . | . . . . Hover . | . . . . Flight . | . . . . Utility 7 | . 2 4 1 Device 1 | . . . 1 Storage 2 | . . 2 . Processor . | . . . . Hackware . | . . . . Protection 4 | . 2 2 . Artifact . | . . . . Weapon 9 | . 1 8 . Energy Gun . | . . . . Energy Cannon 2 | . . 2 . Ballistic Gun 4 | . 1 3 . Ballistic Cannon 1 | . . 1 . Launcher 1 | . . 1 . Special Weapon . | . . . . Impact Weapon . | . . . . Slashing Weapon 1 | . . 1 . Piercing Weapon . | . . . . Special Melee Weapon . | . . . . Unidentified Prototypes . | . . . . Parts Lost 6 | . . 1 5 Power . | . . . . Propulsion 3 | . . . 3 Utility 1 | . . 1 . Weapon 2 | . . . 2 Highest Loss Streak 5 | . . 1 5 To Critical Strikes . | . . . . Average Backups 5 | . 7 5 6 Power . | . 1 . . Propulsion . | . 4 . 1 Utility 2 | . . 2 2 Weapon 1 | . 1 1 1 Tool/Special . | . . . . Unused Backups 14 | . 7 5 2 Power 2 | . 1 1 . Propulsion 6 | . 4 1 1 Utility 2 | . 1 . 1 Weapon 4 | . 1 3 . Tool/Special . | . . . . Average Slot Usage (%) 85 | . 97 85 83 Engine 14 | . 14 14 14 Treads 27 | . . 27 25 Storage 3 | . 14 2 14 Protection 11 | . 11 12 . Energy Gun 1 | . 21 . . Energy Cannon 3 | . . 2 14 Ballistic Gun 14 | . 6 14 12 Ballistic Cannon 2 | . . 2 . Launcher 5 | . . 6 1 Peak Build Rating 13 | . 7 13 13 Average Rating 11 | . 6 11 12 On Entrance 8 | 6 6 7 13 Naked Turns . | . . . . Heaviest Build 61 | 12 15 61 61 Greatest Support 40 | 20 20 40 40 Greatest Overweight (x) 18 | . . 1 18 Average Overweight (x) . | . . . 1 Largest Inventory Capacity 20 | . 8 20 20 Average Capacity 7 | . 8 6 20 Most Carried 11 | . 8 11 11 Average Carried 5 | . 7 5 10 Final Capacity 20 | 8 8 20 20 Final Carried 11 | 6 8 11 8 Class Distribution -------------------- 51% | Subdweller-Mutant 28% | Mutant 19% | Derelict-Mutant Dominant Class ---------------- Mutant | -10/Materials Subdweller-Mutant | -10/Subcaves Mutant | -9/Recycling Resources | -11 -10 -10 -9 ----------- Run | Yrd Mat Sub Rec Matter Collected 1090 | 200 29 787 74 Remotely . | . . . . Salvage Created 969 | . 55 604 310 Parts 48 | . 5 38 5 Haulers Intercepted 1 | . 1 . . Recyclers Shooed 1 | . . . 1 Parts Field Recycled . | . . . . Retrieved Matter . | . . . . Parts Self-Destructed 4 | . . 4 . Prevented . | . . . . Kills | -11 -10 -10 -9 ------- Run | Yrd Mat Sub Rec Combat Hostiles Destroyed 27 | . . 22 5 Guns 6 | . . 5 1 Cannons 6 | . . 4 2 AOE 15 | . . 13 2 Classes Destroyed 8 | . 2 2 4 Hauler 1 | . 1 . . Recycler 1 | . . . 1 Watcher 1 | . 1 . . Swarmer 4 | . . 3 1 Grunt 2 | . . . 2 Demolisher 1 | . . . 1 Hunter 1 | . . . 1 Subdweller 19 | . . 19 . Best Kill Streak 5 | . 1 3 5 Combat Bots Only 4 | . . 3 4 Max Kills in Single Turn 2 | . 1 2 1 Gunslinging . | . . . . Exploded 2 | . . 2 1 Melee . | . . . . Uniques/NPCs Destroyed . | . . . . Combat | -11 -10 -10 -9 -------- Run | Yrd Mat Sub Rec Hostile Shots Fired 144 | . . 83 61 Missed 44 | . . 28 16 Hits 100 | . . 55 45 Projectile 100 | . . 55 45 AOE 2 | . . 1 1 Critical Strikes 1 | . . . 1 Damage Taken 1957 | . 66 1343 548 Core 253 | . . 145 108 Absorbed by Shields . | . . . . Core Remaining (%) 100 | 100 . . . Volleys Fired 101 | . 2 87 12 Largest 2 | . 2 2 2 Hottest 105 | . 80 105 105 Shots Fired 147 | . 4 125 18 Gun 77 | . 4 67 6 Cannon 48 | . . 38 10 Launcher 22 | . . 20 2 Special . | . . . . Kinetic 94 | . 1 85 8 Thermal 34 | . . 24 10 Explosive . | . . . . Electromagnetic 19 | . 3 16 . Robot Hit Streak 18 | . 3 18 7 Robot Miss Streak 2 | . 1 2 2 Penetration Max . | . . . . Secondary Targets . | . . . . Shots Hit Robots 83 | . 3 69 11 Core Hits 49 | . 2 37 10 Critical Kills . | . . . . Critical Parts Destroyed . | . . . . Critical Strikes 1 | . 1 . . Corrupt 1 | . 1 . . Melee Attacks 5 | . . 5 . Impact . | . . . . Slashing 5 | . . 5 . Piercing . | . . . . Sneak Attacks . | . . . . Combat Hostiles . | . . . . Follow-up Attacks . | . . . . Damage Inflicted 3065 | . 123 2313 629 Guns 655 | . 46 570 39 Cannons 426 | . . 233 193 Explosions 1984 | . 77 1510 397 Melee . | . . . . Ramming . | . . . . Kinetic 2530 | . 11 2083 436 Thermal 350 | . 77 80 193 Explosive . | . . . . Electromagnetic 185 | . 35 150 . Impact . | . . . . Slashing . | . . . . Piercing . | . . . . Highest Corruption 2 | . . . 2 Average Corruption 1 | . . . 1 Corruption Purged . | . . . . Corruption Blocked . | . . . . Overload Shots . | . . . . Overflow Damage 35 | . . . 35 Projectiles 10 | . . . 10 Explosions 25 | . . . 25 Melee . | . . . . Knockbacks . | . . . . Impact . | . . . . Kinetic . | . . . . Secondary . | . . . . Self-Inflicted Damage 200 | . 66 121 13 Shots 9 | . 2 6 1 Rammed 1 | . . 1 . Targets Rammed 1 | . . 1 . Kicked . | . . . . Crushed . | . . . . Highest Temperature 166 | . 30 34 166 Average Temperature 58 | . 18 18 72 Received Heat Transfer 357 | . . 249 108 Siege Activations . | . . . . Martial Activations . | . . . . Shielding Activations . | . . . . Robots Disrupted 1 | . . 1 . Combat Hostiles 1 | . . 1 . Robots Corrupted . | . . . . Combat Hostiles . | . . . . Parts Fried 2 | . . 2 . Impact Corruptions . | . . . . Robots Melted . | . . . . Combat Hostiles . | . . . . Parts Melted 1 | . . 1 . Heat Transferred 420 | . 50 111 259 Parts Sabotaged . | . . . . Parts Stolen . | . . . . Parts Stripped . | . . . . Power Chain Reactions 2 | . 2 . . Alert | -11 -10 -10 -9 ------- Run | Yrd Mat Sub Rec Maximum Alert Level . | . . . . Low Security (%) 100 | . 100 . 100 Level 1 . | . . . . Level 2 . | . . . . Level 3 . | . . . . Level 4 . | . . . . Level 5 . | . . . . High Security . | . . . . Max Security . | . . . . Peak Influence 109 | . 13 . 109 Initial 33 | . . . 33 Average 36 | . 2 . 52 Influence Increases 399 | . 23 70 306 Destroy 0b10 Robot/C 160 | . . 60 100 Destroy 0b10 Robot/NC 30 | . 10 . 20 Destroy Leader 14 | . 4 10 . Successful Hack 17 | . . . 17 Select Force Hacks 150 | . . . 150 Destroy Structure 28 | . 9 . 19 Influence Decreases 308 | . 23 . 285 Entered New Map 37 | . . . 37 Time Decay 221 | . 23 . 198 Lost Part 50 | . . . 50 Squads Dispatched . | . . . . Investigation . | . . . . Extermination . | . . . . Reinforcement . | . . . . Assault . | . . . . Garrison . | . . . . Intercept . | . . . . Searches Triggered . | . . . . Construction Impeded . | . . . . Haulers Reinforced . | . . . . Active Scanning Responses . | . . . . Cargo Convoy Interrupts . | . . . . Stealth | -11 -10 -10 -9 --------- Run | Yrd Mat Sub Rec Distress Signals 1 | . . . 1 Communications Jammed . | . . . . Distress Signals . | . . . . Times Spotted 35 | . 1 28 6 Peak Tracking Total 5 | . . 5 4 Tactical Retreats . | . . . . Traps | -11 -10 -10 -9 ------- Run | Yrd Mat Sub Rec Traps Triggered . | . . . . Indirectly . | . . . . Trap Hack Attempts . | . . . . Triggered . | . . . . Disarmed . | . . . . Reprogrammed . | . . . . Reused . | . . . . Traps Extracted . | . . . . Installed 2 | . . 2 . Triggered . | . . . . Machines | -11 -10 -10 -9 ---------- Run | Yrd Mat Sub Rec Machines Disabled 1 | . . 1 . Max in Single Turn 1 | . . 1 . Machines Repaired . | . . . . Machines Dismantled . | . . . . Machines Sabotaged . | . . . . Overloaded Fab Kills . | . . . . Hacking | -11 -10 -10 -9 --------- Run | Yrd Mat Sub Rec Machines Accessed 8 | . . 1 7 Terminals 2 | . . . 2 Fabricators . | . . . . Repair Stations . | . . . . Recycling Units 5 | . . . 5 Scanalyzers . | . . . . Garrison Access . | . . . . Total Hacks 15 | . . 3 12 Successful 12 | . . 3 9 Failed 3 | . . . 3 Catastrophic . | . . . . Database Lockouts . | . . . . Manual 9 | . . . 9 Terminals 7 | . . . 7 Fabricators . | . . . . Repair Stations . | . . . . Recycling Units 5 | . . . 5 Scanalyzers . | . . . . Garrison Access . | . . . . Terminal Hacks 5 | . . 3 2 Record 2 | . . 2 . Part Schematic 1 | . . . 1 Robot Analysis 1 | . . . 1 Proto ID Catalog 1 | . . 1 . Fabricator Hacks . | . . . . Repair Station Hacks . | . . . . Recycling Unit Hacks . | . . . . Scanalyzer . | . . . . Garrison Access Hacks . | . . . . Unauthorized Hacks 7 | . . . 7 Terminals 2 | . . . 2 Botnet 2 | . . . 2 Fabricators . | . . . . Repair Stations . | . . . . Recycling Units 5 | . . . 5 Tunnel 5 | . . . 5 Scanalyzers . | . . . . Garrison Access . | . . . . Data Cores Recovered . | . . . . Used . | . . . . Hacking Detections 2 | . . . 2 Full Trace Events . | . . . . Feedback Events . | . . . . Feedback Blocked . | . . . . Robot Schematics Acquired . | . . . . Robots Built . | . . . . Authchips . | . . . . Time . | . . . . Total Robot Build Rating . | . . . . Part Schematics Acquired 1 | . . . 1 Parts Built . | . . . . Authchips . | . . . . Time . | . . . . Total Part Build Rating . | . . . . Parts Repaired . | . . . . Time . | . . . . Parts Recycled . | . . . . Recycled Matter . | . . . . Retrieved Matter . | . . . . Retrieved Components . | . . . . Parts Scanalyzed . | . . . . Part Schematics Acquired . | . . . . Parts Damaged . | . . . . Bothacking | -11 -10 -10 -9 ------------ Run | Yrd Mat Sub Rec Used RIF Installer . | . . . . Robots Hacked . | . . . . Non-combat . | . . . . Combat . | . . . . Robot Hacks Applied . | . . . . Relay Couplers Released . | . . . . Fabnet Peak Effective % . | . . . . Robots Rewired . | . . . . Allies Hacked . | . . . . Hacks Repelled . | . . . . Allies | -11 -10 -10 -9 -------- Run | Yrd Mat Sub Rec Total Allies . | . . . . Largest Group . | . . . . Highest-Rated Group . | . . . . Highest-Rated Ally . | . . . . Total Orders . | . . . . Ally Attacks . | . . . . Total Damage . | . . . . Kills . | . . . . Allies Corrupted . | . . . . Allies Melted . | . . . . Intel | -11 -10 -10 -9 ------- Run | Yrd Mat Sub Rec Active Infowar (turns) 6 | . . . 6 Optics 6 | . . . 6 Robot Analysis Total 1 | . . . 1 Derelict Logs Recovered . | . . . . Drone Launches . | . . . . Drone Recoveries . | . . . . Exploration | -11 -10 -10 -9 ------------- Run | Yrd Mat Sub Rec Turns Passed 6768 | . 184 6166 418 Spaces Moved 3560 | 1 115 3288 156 Core 1 | . . . 1 Treads 3441 | . . 3288 153 Legs 118 | 1 115 . 2 Wheels . | . . . . Hover . | . . . . Flight . | . . . . Fastest Speed 120 | 120 120 160 240 Average Speed 169 | 120 120 167 247 Slowest Speed 950 | 120 120 240 950 Overloaded Moves . | . . . . Propulsion Burnouts . | . . . . Robots Hopped . | . . . . Potential Cave-ins . | . . . . Cave-ins Triggered . | . . . . Exploration Rate (%) 40 | 2 29 92 40 Regions Visited 3 Branch Regions 2 Pre-discovered Areas 5 | . . . 5 Known Exits Taken . | . . . . Unknown Exits Taken 3 | 1 1 1 . Scrap Searched 14 | . . 14 . Spaces Dug 1 | . . 1 . Terrain Destroyed 243 | . 7 212 24 Melee . | . . . . Projectile 5 | . . 3 2 AOE 238 | . 7 209 22 Terrain Rammed . | . . . . Walls Destroyed . | . . . . Machines Disabled . | . . . . Actions | -11 -10 -10 -9 --------- Run | Yrd Mat Sub Rec Total 4153 | . 157 3823 173 Wait 389 | . 31 358 . Move 3558 | . 114 3288 156 Hop . | . . . . Pick Up 17 | . 3 14 . Fast Attach 11 | . 3 8 . Attach 7 | . . 4 3 Detach 1 | . 1 . . Swap 14 | . . 12 2 Drop 28 | . 3 25 . Fire 101 | . 2 87 12 Melee 5 | . . 5 . Ram . | . . . . Kick . | . . . . Crush . | . . . . Escape Stasis . | . . . . Rewire . | . . . . Trap 2 | . . 2 . Miscellaneous 20 | . . 20 . Route ------- -11/Scrapyard -10/Materials (discovered 3 exits: [*Mat] / [*Min] / *Sub) -10/Subcaves (discovered 3 exits: [*Mat x2] / *Rec) -9/Recycling History --------- Turn | Location | Event 1 | -11/Scrapyard | Discovered new exit (range 0) 1 | -11/Scrapyard | Entered Materials 23 | -10/Materials | Discovered new exit (range 15) 65 | -10/Materials | Discovered new exit (range 13) 169 | -10/Materials | Discovered new exit (range 4) 185 | -10/Materials | Entered Subcaves 303 | -10/Subcaves | Build established: Mutant 990 | -10/Subcaves | Visited 4L-MR0's lab 1081 | -10/Subcaves | Build established: Subdweller-Mutant 1521 | -10/Subcaves | A swath of the cavern ceiling suddenly collapsed 1875 | -10/Subcaves | A Subdweller sparked back to life 1875 | -10/Subcaves | A Subdweller sparked back to life 1886 | -10/Subcaves | Core integrity fell below 50% 3234 | -10/Subcaves | Build established: Derelict-Mutant 4075 | -10/Subcaves | Discovered new exit (range 8) 4076 | -10/Subcaves | Shifting Twisted Machinery released Scrap Shield 4081 | -10/Subcaves | Shifting Twisted Machinery released Sub. Optics 4543 | -10/Subcaves | Build established: Subdweller-Mutant 4707 | -10/Subcaves | Discovered new exit (range 12) 5886 | -10/Subcaves | Build established: Mutant 6198 | -10/Subcaves | Found Flightbrick 6347 | -10/Subcaves | Discovered new exit (range 2) 6351 | -10/Subcaves | Entered Recycling 6752 | -9/Recycling | Core integrity fell below 20% 6769 | -9/Recycling | Destroyed by P-60 Hacker with Shock Rifle Last Messages --------------- 06734_ Destroyed Aluminum Leg. 06735_ Slug penetrates Wall. 06735_ R-06 Scavenger collects Sml. Laser. 06736_ R-06 Scavenger destroyed. 06738_ R-06 Scavenger collects Aluminum Leg. 06738_ Slug penetrates Wall. 06738_ G-34 Mercenary destroyed. 06741_ Slug penetrates Wall. 06741_ Sub. Shrapnel Launcher destroyed. 06742_ R-06 Scavenger collects Tractor Beam. 06744_ Slug penetrates Wall. 06746_ R-06 Scavenger collects Sml. Storage Unit. 06747_ Wall collapses. 06750_ R-06 Scavenger collects Sml. Laser. 06751_ Penetrated by Slug. 06754_ Slug penetrates Wall. 06757_ Aluminum Leg destroyed. 06757_ Destroyed Gauss Rifle. 06760_ H-55 Commando destroyed. 06763_ Battle Rifle destroyed. Map ----- +----------------------------------------------------+ | ?????????????????????????????????????????????????? | | ############?????????????????????????????????????? | | #?????????????????????????????????????? | | ! #?????????????????????????????????????? | | #?????????????????????????????????????? | | [ ##????????????????????????????????????? | | = / ????????????????????????????????????? | | ! #?????????????????????????????????????? | | #?????????????????????????????????????? | | ! #?????????????????????????????????????? | | #?????????????????????????????????????? | | +????????????????? ?????????????????? | | [ #???????????????? ????????????????? | | !! !=#????????????????# #????????????????? | | ######+##+##????????????????# #????????????????? | | ##???# #?????????????????# #?????+####??????? | | #???# #?????????????????# #????? * #??????? | | ##### #?????????????????# #???? #??????? | | #?????????????????# #???? a #??????? | | #?????????????????# #?? k #??????? | | #?????????????????# ## % p #??????? | | #???#########???##; ;; * #??????? | | #???#"""#[[ ##### ; ! #??????? | | #####"Y"#[[ # % %#??????? | | u % #??????? | | @ % !k ]!#??????? | | % %= #??????? | | ##+##########%%%######;# % #??????? | | #??#%%%#! # ; % t#??????? | | " #??##### ### ; Y#??????? | | T #??????# ! #??### ## i #??????? | | " #??????# #??????#?? gt = #??????? | | """ #??????# #??????????? #??????? | | """ #??????# ! #??????????? ! #??????? | | """ #??????# * #????????????#####??????? | | #??????# !!!/! #???????????????????????? | | ##########??????# #???????????????????????? | | ????????????????##########???????????????????????? | | ?????????????????????????????????????????????????? | | ?????????????????????????????????????????????????? | | ?????????????????????????????????????????????????? | | ?????????????????????????????????????????????????? | | ?????????????????????????????????????????????????? | | | | | | | | | | | | | | | +----------------------------------------------------+ Best States ------------- Heat Dissipation 25 Energy Generation 10 Energy Capacity 200 Matter Stores 300 Matter Capacity 300 Sight Range 16 Terrain Scan Density 10 Armor Coverage 800 Propulsion Shielding 33 Evasion (%) 55 Recoil Reduction 2 Item Schematics ----------------- Huge Storage Unit | -9/Recycling | Hacked Robot Schematics ------------------ None Fabricated ------------ Nothing Repaired ---------- Nothing Alien Tech Used ----------------- None Achievements -------------- None Challenges ------------ None Game ------ Seed MicroFieldInjector Manual? 0 Play Time 00:27:05 Cumulative 336.2 hours Start 2025.06.19 @ 19:33:02 End 2025.06.19 @ 20:03:02 Sessions 1 Manual Loads 0 Difficulty Rogue Special Mode None Game No. 235 Rogue 235 Adventurer 0 Explorer 0 Win Type - Total 25 Types 19/0/4/2/0/0/0/0/0/0 Lore% 88 Gallery% 76 Achievement% 66 Wizard Run 0 Options --------- Layout 0 ASCII 1 Keyboard 1 Movement Arrows Keybinds 0 Fullscreen 2 Font 18/Terminus Map View 76x50 Zoom Use 0% Tactical HUD 1 Map Filters NONE Filters NONE Steam 1 RUN: ed4af9ff-d62f-45e9-80d8-2616582b7046